 Dungeon Crawl Stone Soup version 0.30-a0-953-g5f1da4a474 (webtiles) character file.

Game seed: 15627407830006788726

28 Jackthecabe the Sneak (level 3, -4/18 HPs)
             Began as a Vine Stalker Brigand on Mar 28, 2023.
             Killed from afar by Robin (6 damage)
             ... with a puff of flame
             ... on level 2 of the Dungeon.
             The game lasted 00:02:08 (934 turns).

Jackthecabe the Sneak (Vine Stalker Brigand)         Turns: 934, Time: 00:02:09

Health: -4/18      AC:  3    Str: 13    XL:     3   Next: 12%
Magic:  0/4        EV: 11    Int: 11    God:
Gold:   69         SH:  0    Dex: 17    Spells: 2/2 levels left

rFire   . . .      SeeInvis .    a - +2 dagger
rCold   . . .      Faith    .    (no shield)
rNeg    . . .      Spirit   +    b - +0 robe
rPois   .          Reflect  .    (no helmet)
rElec   .          Rampage  .    c - +0 cloak
rCorr   +                        (no gloves)
Will    .....                    (no boots)
Stlth   +++                      (no amulet)
HPRegen 0.23/turn                R - ring of resist corrosion
MPRegen 0.09/turn                (no ring)

@: no status effects
A: fangs 2, magic shield, antimagic bite, no potion heal 2
a: no special abilities


You were on level 2 of the Dungeon.
You visited 1 branch of the dungeon, and saw 2 of its levels.

You collected 69 gold pieces.


Innate Abilities, Weirdness & Mutations

You have extremely sharp teeth.
When hurt, damage is shared between your health and your magic reserves.
Your bite disrupts and absorbs the magic of your enemies.
Potions cannot restore your health.


   Skills:
 - Level 1.7 Fighting
 * Level 2.8 Short Blades
 - Level 1.7 Throwing
 - Level 0.7 Dodging
 + Level 5.3 Stealth


You had 2 spell levels left.
You didn't know any spells.
Your spell library was empty.

Inventory:

Hand Weapons
 a - a +2 dagger (weapon)
Missiles
 d - 9 poisoned darts (quivered)
 e - 3 curare-tipped darts {=f}
Armour
 b - a +0 robe (worn)
 c - a +0 cloak (worn)
Jewellery
 R - a ring of resist corrosion (left hand)
Scrolls
 f - a scroll of butterflies {unknown}
 g - a scroll of enchant weapon {unknown}
 h - a scroll of noise {unknown}
 i - a scroll of enchant armour {unknown}
 l - a scroll of poison {unknown}
Potions
 j - a potion of brilliance {unknown}
 k - a potion of heal wounds {unknown}
 m - a potion of might {unknown}

Dungeon Overview and Level Annotations

Branches:
Dungeon (2/15)

Altars:

Annotations:
D:2 Robin g gg.

#######gg>.g
#....[..#
#)#######
##<## #.@.#
#..g..#
#.......#
##.....##
##...##
##.## #.#
#.#


You could see Robin.


Message History

Ouch! That really hurt!
* * * LOW HITPOINT WARNING * * *
You climb upwards.
There is a stone staircase leading down here.
You start resting.
Magic restored.
HP restored.
You climb downwards.
Level annotation: Robin
There is a stone staircase leading up here.
Robin zaps a wand.
The puff of flame hits you!
Ouch! That really hurt!
* * * LOW HITPOINT WARNING * * *
You closely miss Robin. Your bite misses Robin. Robin misses you.
You hit Robin. You bite Robin, but do no damage.
Robin is lightly wounded.
Robin hits you but does no damage.
You hit Robin but do no damage. You bite Robin. You drain their power.
You feel invigorated.
Robin is moderately wounded.
Robin zaps a wand.
The puff of flame hits you!
* * * LOW HITPOINT WARNING * * *
You hit Robin.
Robin is heavily wounded.
Robin barely misses you.
Unknown command.
You hit Robin.
Robin is heavily wounded.
Robin zaps a wand.
The puff of flame hits you.
You die...

Skill      XL: |  1 |
---------------+----+-----
Short Blades   | 2 |  2.8
Stealth        | 5 |  5.3
Fighting       | |  1.7
Throwing       | |  1.7
Dodging        | |  0.7

Action                     || total
---------------------------++-------
  Melee: Dagger            ||    55
         Bite              ||    10
   Stab: Sleeping          ||     8
 Armour: Robe              ||    11
  Dodge: Dodged            ||    25

Levels and vault maps discovered:
D:1:      lemuel_arrival_tunnels, layout_loops_ring, minivault_25,
          minmay_unequal
D:2:      layout_loops_ring, hellmonk_ecumenical_altar_slurped_away, uniq_robin

Notes
Turn   | Place    | Note
-------+----------+-------------------------------------------
     0 | D:1      | Jackthecabe the Vine Stalker Brigand began the quest for
                  | the Orb.
     0 | D:1      | Reached XP level 1. HP: 11/11 MP: 2/2
   134 | D:1      | Reached skill level 2 in Short Blades
   170 | D:1      | Reached skill level 5 in Stealth
   213 | D:1      | Reached XP level 2. HP: 15/15 MP: 3/3
   631 | D:1      | Reached XP level 3. HP: 18/18 MP: 4/4
   772 | D:2      | Noticed Robin
   934 | D:2      | Killed from afar by Robin

Vanquished Creatures
  A dart slug (D:1)
  2 bats (D:1)
  3 endoplasms (D:1)
  3 giant cockroaches (D:1)
  3 goblins
  4 hobgoblins
  2 quokkas (D:1)
  3 ball pythons (D:1)
21 creatures vanquished.

Table legend: (Time is in decaauts)
 A = Elapsed time spent in this place.
 B = Non-inter-level travel time spent in this place.
 C = Inter-level travel time spent in this place.
 D = Time resting spent in this place.
 E = Time spent auto-exploring this place.
 F = Levels seen in this place.
 G = Mean time per level.
                   A        B        C        D        E       F      G
               +--------+--------+--------+--------+--------+-----+--------+
         Total |    956 |    933 |     23 |    173 |    569 |   2 |  478.0 |
       Dungeon |    956 |    933 |     23 |    173 |    569 |   2 |  478.0 |
               +--------+--------+--------+--------+--------+-----+--------+

Top non-repeatable levels by time:
     D:1: 834 daAuts
     D:2: 121 daAuts

Table legend:
 A = Non-vault XP
 B = Vault XP
 C = Vault XP percentage of total XP
 D = Non-vault monster count
 E = Vault monster count
 F = Vault count percentage of total count
                 A         B        C        D         E       F
            +---------+---------+-------+---------+---------+-------
      Total |      26 |      14 |  35.0 |      15 |       6 |  28.6
            +---------+---------+-------+---------+---------+-------
        D:1 |      26 |      10 |  27.8 |      15 |       4 |  21.1
        D:2 |       0 |       4 | 100.0 |       0 |       2 | 100.0
            +---------+---------+-------+---------+---------+-------
